 Dungeon Crawl Stone Soup version 0.23.2-33-g5129a83184 (webtiles) character file.

Game seed: 17513290983558869514

95 Meegle the Firebug (level 4, -1/24 HPs)
             Began as a Deep Elf Fire Elementalist on July 18, 2019.
             Killed by nerve-wracking pain
             ... invoked by an orc priest
              (3 damage)
             ... on level 3 of the Dungeon.
             The game lasted 00:03:47 (2759 turns).

Meegle the Firebug (Deep Elf Fire Elementalist)     Turns: 2759, Time: 00:03:47

Health: -1/24      AC:  2    Str:  5    XL:     4   Next: 40%
Magic:  5/12       EV: 13    Int: 21    God:
Gold:   85         SH:  0    Dex: 15    Spells: 1/11 levels left

rFire    . . .     SeeInvis .   (no weapon)
rCold    . . .     Gourm    .   (no shield)
rNeg     . . .     Faith    .   a - +0 robe
rPois    .         Spirit   .   (no helmet)
rElec    .         Reflect  .   (no cloak)
rCorr    .         Harm     .   (no gloves)
MR       .....                  (no boots)
Stlth    ++........             (no amulet)
HPRegen  0.08/turn              (no ring)
MPRegen  0.13/turn              (no ring)

@: no status effects
A: no striking features
a: no special abilities


You were on level 3 of the Dungeon.
You were very hungry.

You visited 1 branch of the dungeon, and saw 3 of its levels.

You collected 85 gold pieces.

Inventory:

Hand Weapons
 f - a +0 dagger of venom
Armour
 a - a +0 robe (worn)
Scrolls
 j - a scroll of blinking {unknown}
 m - 2 scrolls of identify {unknown}
 n - a scroll of immolation {unknown}
 o - a scroll of remove curse {unknown}
Potions
 b - a potion of berserk rage {unknown}
 d - a potion of heal wounds {unknown}
 e - 2 potions of mutation {unknown}
 g - a potion of invisibility {unknown}
 h - 2 potions of flight {unknown}
 i - a potion of haste {unknown}
 k - a potion of degeneration {unknown}
 l - a potion of might {unknown}
Comestibles
 c - 7 rations


   Skills:
 + Level 0.1 Fighting
 + Level 2.7 Dodging
 + Level 2.6 Stealth
 + Level 4.4 Spellcasting
 + Level 1.9 Conjurations
 + Level 4.4 Fire Magic


You had one spell level left.
You knew the following spells:

 Your Spells              Type           Power        Failure   Level  Hunger
a - Flame Tongue          Conj/Fire      ###..        3%          1    None
b - Throw Flame           Conj/Fire      ###...       4%          2    #......
c - Conjure Flame         Conj/Fire      ###.....     10%         3    ##.....
d - Sticky Flame          Conj/Fire      ###.....     30%         4    ####...

Your spell library contained the following spells:

 Spells                   Type           Power        Failure   Level  Hunger
 Inner Flame              Hex/Fire       ##......     14%         3    ##.....
 Fireball                 Conj/Fire      ###.......   65%         5    ######.


Dungeon Overview and Level Annotations

Branches:
Dungeon (3/15)

Altars:
Xom


Message History

Press: ? - help, Shift-Dir - straight line, f - orc priest
Aim: an orc priest, wielding a +0 hand axe and wearing a +0 leather armour The flame tongue hits the orc priest but does no damage.
Casting: Flame Tongue (safe; 3% risk of failure)
Confirm with . or Enter, or press ? or * to list all spells.
Aiming: Flame Tongue (safe; 3% risk of failure)
Press: ? - help, Shift-Dir - straight line, f/p - orc priest
Aim: an orc priest, wielding a +0 hand axe and wearing a +0 leather armour The flame tongue hits the orc priest!
The orc priest is heavily wounded.
Casting: Flame Tongue (safe; 3% risk of failure)
Confirm with . or Enter, or press ? or * to list all spells.
Aiming: Flame Tongue (safe; 3% risk of failure)
Press: ? - help, Shift-Dir - straight line, f/p - orc priest
Aim: an orc priest, wielding a +0 hand axe and wearing a +0 leather armour (heavily wounded)
The flame tongue hits the orc priest.
The orc priest is severely wounded.
The orc priest calls down the wrath of Beogh upon you.
Pain shoots through your body!
You die...

###############
#..............
#.#############
#.# ..... ###
#.# ##### #...
#.#
.#.#..####.#
......o@...#
≈.≈≈≈≈.#####
≈.≈≈≈≈. ≈.≈≈≈≈o
≈.≈≈≈≈. ..≈≈≈≈.
....... .≈≈≈≈≈.


You could see an orc priest and an orc wizard.

Vanquished Creatures
  3 adders (D:2)
  2 worms (D:2)
  A dart slug (D:1)
  2 leopard geckos
  3 orcs (D:3)
  2 giant cockroaches (D:1)
  4 goblins
  4 hobgoblins
  8 jackals
  8 kobolds
  8 bats
  2 frilled lizards (D:1)
  7 rats
54 creatures vanquished.

Notes
Turn   | Place    | Note
-------+----------+-------------------------------------------
     0 | D:1      | Meegle the Deep Elf Fire Elementalist began the quest for
                  | the Orb.
     0 | D:1      | Reached XP level 1. HP: 10/10 MP: 6/6
   173 | D:1      | Reached XP level 2. HP: 15/15 MP: 2/8
   808 | D:1      | Reached XP level 3. HP: 19/19 MP: 5/9
   864 | D:1      | Learned a level 2 spell: Throw Flame
   868 | D:1      | Learned a level 3 spell: Conjure Flame
  1653 | D:2      | Reached XP level 4. HP: 24/24 MP: 4/12
  1819 | D:2      | Found a shimmering altar of Xom.
  1820 | D:2      | Found a shimmering altar of Xom.
  1821 | D:2      | Found a shimmering altar of Xom.
  1821 | D:2      | Found a shimmering altar of Xom.
  1841 | D:2      | Found a shimmering altar of Xom.
  1885 | D:2      | Found a shimmering altar of Xom.
  2640 | D:2      | Learned a level 4 spell: Sticky Flame
  2759 | D:3      | Killed from afar by an orc priest

Skill      XL: |  1  2  3 |
---------------+----------+-----
Fire Magic     | 4 |  4.4
Spellcasting   | 4 |  4.4
Fighting       | |  0.1
Dodging        | |  2.7
Stealth        | |  2.6
Conjurations   | |  1.9

Action                   |  1- 3 |  4- 6 || total
-------------------------+-------+-------++-------
 Cast: Flame Tongue      |    73 |    31 ||   104
  Eat: Chunk             |     2 |     2 ||     4
Armor: Robe              |     2 |     2 ||     4
Dodge: Dodged            |    40 |     8 ||    48
